 Dungeon Crawl Stone Soup version 0.32-a0-391-gce5c0aab1b (webtiles) character file.

Game seed: 5810130950234565725

6792 ezpacito the Cleaver (level 10, -9/105 HPs)
             Began as a Demonspawn Gladiator on Feb 19, 2024.
             Was an Initiate of Gozag.
             Engulfed by an ice statue's freezing vapour (15 damage)
             ... on level 8 of the Dungeon.
             The game lasted 00:18:22 (8560 turns).

ezpacito the Cleaver (Demonspawn Gladiator)         Turns: 8560, Time: 00:18:22

Health: -9/105     AC: 25    Str: 17    XL:     10   Next: 76%
Magic:  15/15      EV:  2    Int: 10    God:    Gozag
Gold:   515        SH:  0    Dex: 15    Spells: 3/16 levels left

rFire   . . .        o - +0 battleaxe
rCold   . . .        (shield currently unavailable)
rNeg    . . .        i - melded +0 ring mail
rPois   +            v - melded +2 helmet
rElec   .            (cloak currently unavailable)
rCorr   .            (gloves currently unavailable)
SInv    .            t - melded +2 pair of boots
Will    .....        p - amulet of regeneration
Stlth   +++          g - +5 ring of evasion
HPRegen 1.17/turn    u - +5 ring of evasion
MPRegen 0.14/turn

%: no passive effects
@: tree-form
A: stationary, stasis, torment immunity, boosted hp, (large bone plates 2),
powered by death 1, demonic magic 2
a: Renounce Religion, Potion Petition, Call Merchant, Bribe Branch


You were on level 8 of the Dungeon.
You worshipped Gozag.
Gozag was pleased with you.
You were a tree.
You visited 2 branches of the dungeon, and saw 9 of its levels.

You collected 1910 gold pieces.
You paid 1395 gold pieces to Gozag.

Inventory:

Hand Weapons
 a - a +0 war axe
 o - a +0 battleaxe (weapon)
 C - a +1 spear of flaming
Missiles
 c - 13 poisoned darts
 d - 7 throwing nets (quivered)
 e - 11 javelins
 w - 12 boomerangs
Armour
 i - a +0 ring mail (melded)
 j - a +0 plate armour
 k - a +0 kite shield
 t - a +2 pair of boots (melded)
 v - a +2 helmet (melded)
Magical Staves
 l - a staff of earth
Jewellery
 g - a +5 ring of evasion (left branch)
 h - a ring of see invisible
 p - an amulet of regeneration (around neck)
 q - a ring of magical power
 r - an amulet of magic regeneration
 u - a +5 ring of evasion (right branch)
 y - a ring of wizardry
Wands
 b - a wand of mindburst (2)
 m - a wand of digging (6)
Scrolls
 f - 3 scrolls of revelation
 n - a scroll of enchant weapon
 x - a scroll of amnesia
 A - a scroll of vulnerability
 B - a scroll of blinking


   Skills:
 + Level 3.5 Fighting
 * Level 8.9 Axes
 - Level 1.1 Staves
 + Level 1.7 Throwing
 * Level 5.0 Armour
 * Level 5.0 Dodging
 * Level 4.4 Stealth
 + Level 1.9 Shields
 * Level 3.8 Unarmed Combat
 * Level 3.8 Spellcasting
 * Level 3.0 Conjurations
 * Level 3.1 Hexes
 * Level 2.5 Summonings
 * Level 4.7 Evocations


You had 3 spell levels left.
You knew the following spells:

 Your Spells              Type           Power      Damage    Failure   Level
a - Blink                 Tloc           2%         N/A       36%         2
b - Dimensional Bullseye  Hex/Tloc       2%         N/A       80%         4
c - Call Canine Familiar  Summ           7%         N/A       26%         3
d - Magic Dart            Conj           32%        1d4       8%          1
e - Sigil of Binding      Hex            8%         N/A       22%         3

Your spell library contained the following spells:

 Spells                   Type           Power      Damage    Failure   Level
 Call Imp                 Summ           14%        N/A       14%         2


Dungeon Overview and Level Annotations

Branches:
Dungeon (8/15)             Temple (1/1) D:6
   Lair: D:8-11

Altars:
Ashenzari
Cheibriados
Dithmenos
Fedhas
Gozag
Hepliaklqana
Kikubaaqudgha
Makhleb
Nemelex Xobeh
Okawaru
Qazlal
Ru
Sif Muna
Trog
Uskayaw
Vehumet
Wu Jian
Xom
Yredelemnul

Annotations:
D:8 exclusion: ice statue


Innate Abilities, Weirdness & Mutations

You are a tree.
Your roots penetrate the ground, keeping you stationary.
You cannot be teleported.
You are immune to unholy pain and torment.
Your maximum health is greatly increased.
Your equipment is partially melded.
((You are mostly covered in large bone plates. (SH +6)))
You regenerate a little health from kills.
Spells you cast may paralyse nearby enemies.


Message History

Digging in that direction won't affect any walls.
Some deep water.
Okay, then.
You cannot move.
The ice statue gestures.
The ice statue gestures at you. The freezing blast engulfs you.
The ice beast hits you but does no damage.
You barely miss the ice beast.
You are engulfed in freezing vapours.
The ice statue gestures.
The ice beast hits you but does no damage.
You barely miss the ice beast.
You are engulfed in freezing vapours.
The ice statue gestures at you. The bolt of cold hits you.
The ice beast hits you but does no damage.
You barely miss the ice beast.
You are engulfed in freezing vapours.
You hit the ice beast.
The ice beast is moderately wounded.
You slash the ice beast! You closely miss the ice beast.
You are engulfed in freezing vapours.
* * * LOW HITPOINT WARNING * * *
The ice beast hits you but does no damage. x4
The ice beast barely misses you.
You aren't carrying any potions.
As you read the scroll of fear, it crumbles to dust.
You assume a fearsome visage.
The ice statue is unaffected.
The ice beast looks frightened! x3; You are engulfed in freezing vapours.
* * * LOW HITPOINT WARNING * * *
You aren't carrying any potions.
Okay, then.
You are engulfed in freezing vapours.
* * * LOW HITPOINT WARNING * * *
The ice statue glitters chillingly in the dim dungeon light.
The ice statue gestures at you.
The freezing blast engulfs you but does no damage.
You are engulfed in freezing vapours.
You are engulfed in freezing vapours.
You are engulfed in freezing vapours.
You die...
Your body crumbles into a pile of gold.

.##...'#'....#.# #
.#....)##[...#.# #
.#....)###..##.###########
#
.#.....'.####.)))..)..)).#
#
.##...##......##########.#
#
#.#####..................#
#
#......##..###############
#...#####..# ###########
##..# #..# #○○♣°°.≈≈Y.
##.# #..###.○°...≈≈≈. #.#
#..##.○.....≈I≈. #.#
#..##.......≈≈≈. ### ##.#
#.....⌠...Y.≈≈Y. #.. #..#
#.###.########## ###
#.######.###.# ### ###
#.##.......#.# ##.## #.#
#.##.###.#.#.###...###.#


You could see an ice statue and 3 ice beasts.

Vanquished Creatures
  A two-headed ogre (D:8)
  A hornet (D:8)
  The ghost of knightboat the Sneak, an amateur VSFi (D:4)
  8 yaks (D:8)
  A wyvern (D:8)
  Eustachio (D:5)
  2 steam dragons
  Edmund (D:4)
  3 water moccasins
  Duvessa (D:7)
  A sky beast (D:6)
  2 ice beasts
  2 black bears
  2 orc warriors
  The ghost of Triskal the Trooper, an amateur CoFi (D:3)
  An ogre (D:4)
  2 centaurs
  2 kobold brigands
  Blork the orc (D:5)
  2 bullfrogs (D:8)
  2 gnoll sergeants (D:8)
  2 scorpions (D:5)
  Dowan (D:7)
  5 killer bees
  7 howler monkeys
  3 electric eels (D:8)
  2 bullfrog zombies (D:3)
  7 hounds
  2 bombardier beetles
  2 jellies
  A centaur skeleton (D:3)
  4 orc priests
  2 gnoll boudas
  5 iguanas
  3 sleepcaps
  2 orc wizards (D:7)
  13 gnolls
  6 adders
  A white imp (D:8)
  3 ufetubi
  2 dart slugs
  2 ribbon worms (D:4)
  18 orcs
  10 endoplasms
  5 giant cockroaches
  13 goblins
  8 hobgoblins
  6 jackals (D:3)
  4 quokkas
  7 ball pythons
  8 bats
  5 frilled lizards
  18 kobolds
  8 rats
223 creatures vanquished.

Vanquished Creatures (others)
  Menkaure (D:5)
  An ufetubus (D:7)
2 creatures vanquished.

Grand Total: 225 creatures vanquished

Notes
Turn   | Place    | Note
-------+----------+-------------------------------------------
     0 | D:1      | ezpacito the Demonspawn Gladiator began the quest for the
                  | Orb.
     0 | D:1      | Reached XP level 1. HP: 16/16 MP: 1/1
    90 | D:1      | Gained mutation: Spells you cast may paralyse adjacent
                  | enemies. [demonic ancestry]
    90 | D:1      | Reached XP level 2. HP: 20/22 MP: 2/2
   426 | D:1      | Reached XP level 3. HP: 20/27 MP: 4/4
   485 | D:1      | Found a faded altar of an unknown god.
   685 | D:1      | Reached skill level 3 in Axes
   965 | D:1      | Prayed at the altar of an unknown god.
   965 | D:1      | Became a worshipper of Gozag Ym Sagoz the Greedy
   995 | D:2      | Reached skill level 1 in Spellcasting
  1082 | D:1      | Gained mutation: You regenerate a little health from kills.
                  | [demonic ancestry]
  1082 | D:1      | Reached XP level 4. HP: 6/33 MP: 5/5
  1401 | D:2      | Reached skill level 1 in Unarmed Combat
  1731 | D:2      | Reached skill level 1 in Stealth
  1731 | D:2      | Reached XP level 5. HP: 38/38 MP: 6/6
  1862 | D:2      | Reached skill level 1 in Armour
  2186 | D:3      | Found a stormy altar of Qazlal.
  2672 | D:3      | Reached skill level 4 in Axes
  2820 | D:3      | Found a runed translucent gate.
  2820 | D:3      | Found a runed translucent gate.
  2821 | D:3      | Found a runed translucent gate.
  2827 | D:3      | Noticed Triskal's ghost (amateur CoFi)
  3636 | D:4      | Gained mutation: You are partially covered in large bone
                  | plates. (SH +4) [demonic ancestry]
  3636 | D:4      | Reached XP level 6. HP: 44/44 MP: 8/8
  3640 | D:4      | Found a sacrificial altar of Ru.
  3705 | D:4      | Found a transporter.
  3706 | D:4      | Noticed knightboat's ghost (amateur VSFi)
  3714 | D:4      | Found a transporter.
  4025 | D:4      | Noticed Edmund
  4040 | D:4      | HP: 1/32 [Edmund/+3 dire flail of draining (6)]
  4041 | D:4      | Killed Edmund
  4042 | D:4      | Reached skill level 1 in Evocations
  4136 | D:4      | Found a sparkling altar of Nemelex Xobeh.
  4353 | D:5      | Entered Level 5 of the Dungeon
  4371 | D:5      | Reached skill level 1 in Staves
  4371 | D:5      | Gained mutation: Spells you cast may paralyse nearby
                  | enemies. [demonic ancestry]
  4371 | D:5      | Reached XP level 7. HP: 21/48 MP: 9/9
  4462 | D:5      | Noticed Blork the orc
  4473 | D:5      | Killed Blork the orc
  4667 | D:5      | Reached skill level 5 in Axes
  4979 | D:5      | Noticed Menkaure
  4988 | D:5      | Killed Menkaure
  4989 | D:5      | Reached skill level 1 in Shields
  4989 | D:5      | Reached XP level 8. HP: 20/57 MP: 11/11
  5247 | D:5      | Noticed Eustachio
  5262 | D:5      | Killed Eustachio
  5471 | D:6      | Reached skill level 6 in Axes
  5506 | D:6      | Found a staircase to the Ecumenical Temple.
  5592 | Temple   | Entered the Ecumenical Temple
  5798 | D:6      | Learned a level 2 spell: Blink
  5803 | D:6      | Learned a level 4 spell: Dimensional Bullseye
  5807 | D:6      | Learned a level 3 spell: Call Canine Familiar
  5809 | D:6      | Learned a level 1 spell: Magic Dart
  5813 | D:6      | Learned a level 3 spell: Sigil of Binding
  6511 | D:3      | Reached skill level 1 in Conjurations
  6511 | D:3      | Gained mutation: You are mostly covered in large bone
                  | plates. (SH +6) [demonic ancestry]
  6511 | D:3      | Reached XP level 9. HP: 51/62 MP: 13/13
  6523 | D:3      | Killed Triskal's ghost
  6629 | D:4      | Killed knightboat's ghost
  6839 | D:7      | Reached skill level 7 in Axes
  6920 | D:7      | Noticed Duvessa
  6920 | D:7      | Noticed Dowan
  6936 | D:7      | Killed Duvessa
  6937 | D:7      | Reached skill level 1 in Hexes
  6937 | D:7      | Reached skill level 1 in Summonings
  6939 | D:7      | Killed Dowan
  7753 | D:8      | Reached XP level 10. HP: 70/70 MP: 15/15
  7807 | D:8      | Reached skill level 8 in Axes
  7833 | D:8      | Paralysed by a hornet for 2 turns
  7912 | D:8      | Reached skill level 5 in Dodging
  8114 | D:8      | Noticed a two-headed ogre
  8126 | D:8      | Killed a two-headed ogre
  8291 | D:8      | Reached skill level 5 in Armour
  8532 | D:8      | Noticed an ice statue
  8556 | D:8      | HP: 2/105 [ice statue] (10)]
  8560 | D:8      | Engulfed by an ice statue's freezing vapour

Illustrated notes

Levels and vault maps discovered:
D:1:      minmay_arrival_diagonal_passages, layout_loops_ring,
          chequers_ecumenical_altar_island
D:2:      layout_basic, small_statue_intersection, minmay_misc_feat_nine_boxes
D:3:      layout_loops_corners, mainiacjoe_overflow_concentric_impassable,
          gammafunk_ghost_necromancy, serial_rivers,
          chequers_serial_rivers_micro_b, chequers_serial_rivers_large_b,
          chequers_serial_rivers_micro_a, chequers_serial_rivers_small_a,
          chequers_serial_rivers_micro_d, chequers_serial_rivers_small_a
D:4:      layout_loops_ring, nemelex_spade_bored_becter,
          mainiacjoe_overflow_24_doors, gammafunk_ghost_arena, uniq_edmund
D:5:      layout_loops_cross, lemuel_crystal_altar, minmay_misc_feat_pillars,
          kennysheep_big_empty_room, grunt_decor_fettered, minmay_statues_item,
          kennysheep_diamond, uniq_eustachio, uniq_blork_the_orc, uniq_menkaure
D:6:      layout_loops_corners, minmay_temple_entry_glass
D:7:      layout_basic, uniq_duvessa
D:8:      lemuel_ice_statue, layout_loops_ring, serial_bayou,
          serial_bayou_pond_a, serial_bayou_pond_b, serial_bayou_pond_b,
          serial_bayou_pond_d, serial_bayou_pond_a, minmay_joined_circles
Temple:   dpeg_three_leaves_temple

Skill      XL: |  1  2  3  4  5  6  7  8  9 10 |
---------------+-------------------------------+-----
Dodging        | 3 4 5 |  5.0
Axes           | 3 4 5 6 7 8 |  8.9
Spellcasting   | 1 2 3 |  3.8
Unarmed Combat | 1 2 3 |  3.8
Stealth        | 1 2 3 4 |  4.4
Armour         | 1 2 3 4 5 |  5.0
Evocations     | 1 2 3 4 |  4.7
Staves         | 1 |  1.1
Shields        | 1 |  1.9
Conjurations   | 1 2 3 |  3.0
Fighting       | 3 |  3.5
Hexes          | 2 3 |  3.1
Summonings     | 1 2 |  2.5
Throwing       | |  1.7

Action                     |  1- 3 |  4- 6 |  7- 9 | 10-12 || total
---------------------------+-------+-------+-------+-------++-------
  Melee: War axe           |   109 |   190 |   394 |       ||   693
         Battleaxe         |       |       |    31 |   221 ||   252
   Cast: Magic Dart        |       |       |    10 |    13 ||    23
 Invoke: Potion Petition   |       |     1 |     1 |     1 ||     3
  Evoke: Wand              |       |     3 |     8 |     7 ||    18
    Use: Scroll            |     2 |     8 |     3 |     3 ||    16
         Potion            |     2 |     3 |     5 |     4 ||    14
   Stab: Sleeping          |     1 |     1 |       |       ||     2
         Distracted        |       |     1 |     3 |     2 ||     6
         Invisible         |       |       |     1 |     9 ||    10
         Paralysed         |       |       |    12 |     9 ||    21
 Armour: Leather armour    |    40 |       |       |       ||    40
         Ring mail         |    39 |   125 |   258 |    80 ||   502
         Skin              |       |       |       |    19 ||    19
  Dodge: Dodged            |    94 |   142 |   544 |   194 ||   974
  Block: Other             |       |    11 |   132 |    51 ||   194

Table legend: (Time is in decaauts)
 A = Elapsed time spent in this place.
 B = Non-inter-level travel time spent in this place.
 C = Inter-level travel time spent in this place.
 D = Time resting spent in this place.
 E = Time spent auto-exploring this place.
 F = Levels seen in this place.
 G = Mean time per level.
                   A        B        C        D        E       F      G
               +--------+--------+--------+--------+--------+-----+--------+
         Total |   8851 |   8164 |    687 |    122 |   5725 |   9 |  983.4 |
       Dungeon |   8849 |   8162 |    687 |    122 |   5725 |   8 | 1106.1 |
        Temple |      2 |      2 |      0 |      0 |      0 |   1 |    2.0 |
               +--------+--------+--------+--------+--------+-----+--------+

Top non-repeatable levels by time:
     D:3: 1430 daAuts
     D:1: 1148 daAuts
     D:4: 1127 daAuts
     D:2: 1107 daAuts
     D:6: 1085 daAuts
     D:5: 1084 daAuts
     D:8: 976 daAuts
     D:7: 888 daAuts
  Temple: 2 daAuts
